 Dungeon Crawl Stone Soup version 0.22.1-2-g9c5b331383 (webtiles) character file.

6251 Peloso the Carver (level 10, -7/88 HPs)
             Began as a Minotaur Fighter on Dec 8, 2018.
             Was a Follower of Okawaru.
             Splashed by an orc's acid (16 damage)
             ... on level 5 of the Dungeon.
             The game lasted 00:15:39 (9074 turns).

Peloso the Carver (Minotaur Fighter)                Turns: 9074, Time: 00:15:39

Health: -7/88      AC:  4    Str: 22    XL:     10   Next: 62%
Magic:  9/9        EV:  9    Int:  5    God:    Okawaru [*.....]
Gold:   559        SH: 12    Dex: 12    Spells: 9/9 levels left

rFire    + + .     SeeInvis +   a - +0 long sword
rCold    x . .     Gourm    .   c - +0 shield
rNeg     . . .     Faith    .   u - +2 chain mail {rF+}
rPois    .         Spirit   .   (helmet restricted)
rElec    .         Reflect  .   n - -2 cloak (curse)
rCorr    .         Harm     .   (no gloves)
MR       .....                  h - +2 pair of boots
Stlth    ..........             (no amulet)
HPRegen  0.24/turn              F - ring of fire
MPRegen  0.11/turn              C - ring of see invisible

@: corroded
A: retaliatory headbutt, horns 2
a: Heroism, Renounce Religion


You were on level 5 of the Dungeon.
You worshipped Okawaru.
Okawaru was aware of your devotion.
You were not hungry.

You visited 2 branches of the dungeon, and saw 9 of its levels.

You collected 559 gold pieces.

Inventory:

Hand Weapons
 a - a +0 long sword (weapon)
 D - a cursed +0 war axe of flaming
Armour
 b - a +0 scale mail
 c - a +0 shield (worn)
 h - a +2 pair of boots (worn)
 n - a cursed -2 cloak (worn)
 u - a +2 chain mail of fire resistance (worn)
 z - a scarf of cloud immunity
Jewellery
 r - an uncursed ring of protection from cold
 C - a ring of see invisible (right hand)
 F - a ring of fire (left hand)
Wands
 d - a wand of iceblast (10)
 x - a wand of polymorph (19)
 A - a wand of acid (6)
 G - a wand of clouds (8)
Scrolls
 i - a scroll of random uselessness {unknown}
 j - 3 scrolls of blinking
 k - 3 scrolls of remove curse
 v - 3 scrolls of fear {unknown}
 w - 2 scrolls of noise {unknown}
 y - a scroll of torment {unknown}
 B - 3 scrolls of identify
 E - 2 scrolls of teleportation {unknown}
Potions
 e - a potion of haste
 g - 2 potions of curing
 l - a potion of invisibility
 m - a potion of mutation
 o - 3 potions of degeneration {unknown}
 p - 3 potions of heal wounds
 q - 2 potions of agility
 s - 2 potions of flight
 t - a potion of lignification {unknown}
Comestibles
 f - 19 rations


   Skills:
 + Level 8.1 Fighting
 + Level 11.8 Long Blades
 + Level 9.1 Armour
 + Level 4.0 Dodging
 + Level 1.9 Stealth
 + Level 9.7 Shields


You had 9 spell levels left.
You didn't know any spells.
Your spell library contained the following spells:

 Spells                   Type           Power        Failure   Level  Hunger
 Summon Small Mammal      Summ           #...         100%        1    ##.....
 Call Imp                 Summ           #.......     100%        2    ###....
 Call Canine Familiar     Summ           #.......     100%        3    ####...
 Summon Guardian Golem    Hex/Summ       #.......     100%        3    ####...
 Summon Ice Beast         Ice/Summ       #.......     100%        4    #####..
 Summon Lightning Spire   Summ/Air       #.......     100%        4    #####..


Dungeon Overview and Level Annotations

Branches:
Dungeon (8/15)             Temple (1/1) D:7            Lair (0/6) D:8

Altars:
Ashenzari
Dithmenos
Kikubaaqudgha
Okawaru
Sif Muna
Uskayaw
Vehumet
Xom
Zin
The Shining One


Innate Abilities, Weirdness & Mutations

You reflexively headbutt those who attack you in melee.
You have a pair of horns on your head.


Message History

The orc zaps a wand.
The bolt of acid hits you! The acid corrodes you!
You are splashed with acid!
The acid burns!
It is a wand of acid (7).
The orc zaps a wand.
The bolt of acid misses you. The orc hits you but does no damage.
Things that are here:
a leather armour; a rapier You hit the orc but do no damage.
The orc zaps a wand.
The bolt of acid hits you! The acid corrodes you!
You are splashed with acid!
The acid burns!
You hit the orc but do no damage.
The orc zaps a wand.
The bolt of acid hits you! The acid corrodes you!
You are splashed with acid!
The acid burns!
* * * LOW HITPOINT WARNING * * *
You hit the orc but do no damage. You headbutt the orc, but do no damage.
You closely miss the orc. You block the orc's attack.
You hit the orc but do no damage. Your headbutt misses the orc.
The orc zaps a wand.
The bolt of acid hits you!
* * * LOW HITPOINT WARNING * * *
You are splashed with acid!
The acid burns!
You die...

..... ##. #........
........###.. #........
..........##.# ###........
...........##.####......##.#
...........#..#......#####.#
.................########..#
#................#####....##
#........#...#.#.......###
##.........@.##.........#
..........o#.###........#
#......<...#.# #........#
.............###........#
.........[..............#
#............#.##.......####
##......................##..
##............##.......#...
...###.......#..............


You could see an orc.

Vanquished Creatures
  Harold (D:7)
  A two-headed ogre (D:5)
  The ghost of destino the Cleaver, a novice MiBe of Trog (D:6)
  Psyche (D:8)
  Eustachio (D:4)
  Duvessa (D:5)
  2 orc warriors
  3 ice beasts
  A sky beast (D:5)
  2 phantoms
  3 ogres
  9 bullfrogs
  7 big kobolds (D:3)
  Dowan (D:5)
  A water moccasin skeleton (D:6)
  2 scorpions
  5 killer bees (D:8)
  8 wights
  A howler monkey (D:4)
  2 crimson imps (D:6)
  A bullfrog zombie (D:6)
  4 hounds
  3 orc wizards
  A bullfrog skeleton (D:7)
  2 orc priests (D:4)
  Crazy Yiuf (D:2)
  3 iguanas
  7 worker ants
  2 hound skeletons
  A hound zombie (D:8)
  A worker ant zombie (D:6)
  3 gnolls (D:3)
  13 adders
  A shadow imp (D:8)
  An ooze (D:6)
  An adder skeleton (D:8)
  3 worms
  2 dart slugs (D:2)
  3 leopard geckos
  27 orcs
  A ball python (D:4)
  2 bats
  7 giant cockroaches
  4 goblins
  5 hobgoblins
  3 jackals (D:2)
  43 kobolds
  2 quokkas (D:4)
  6 frilled lizards
  A leopard gecko zombie (D:7)
  A quokka skeleton (D:4)
  6 rats
214 creatures vanquished.

Notes
Turn   | Place    | Note
-------+----------+-------------------------------------------
     0 | D:1      | Peloso the Minotaur Fighter began the quest for the Orb.
     0 | D:1      | Reached XP level 1. HP: 19/19 MP: 0/0
   301 | D:1      | Reached XP level 2. HP: 27/27 MP: 1/1
  1016 | D:2      | Reached XP level 3. HP: 29/33 MP: 2/2
  1424 | D:2      | Reached skill level 3 in Long Blades
  1520 | D:2      | Reached XP level 4. HP: 36/40 MP: 3/3
  1660 | D:2      | Found a runed door.
  1724 | D:2      | Noticed Crazy Yiuf
  1728 | D:2      | Killed Crazy Yiuf
  1797 | D:3      | Noticed a phantom
  1836 | D:3      | Killed a phantom
  1836 | D:3      | Reached skill level 4 in Long Blades
  1836 | D:3      | Reached skill level 1 in Dodging
  1836 | D:3      | Reached XP level 5. HP: 14/47 MP: 4/4
  2356 | D:3      | Reached skill level 5 in Shields
  2356 | D:3      | Reached XP level 6. HP: 43/53 MP: 5/5
  2709 | D:3      | Found a shattered altar of Ashenzari.
  2781 | D:3      | Reached skill level 5 in Long Blades
  2865 | D:3      | Reached skill level 5 in Armour
  2909 | D:3      | Reached skill level 1 in Stealth
  2909 | D:3      | Reached XP level 7. HP: 21/60 MP: 6/6
  2946 | D:3      | Reached skill level 5 in Fighting
  2946 | D:3      | Reached skill level 6 in Long Blades
  4034 | D:4      | Reached XP level 8. HP: 36/68 MP: 7/7
  4191 | D:4      | Noticed Eustachio
  4207 | D:4      | Killed Eustachio
  4207 | D:4      | Reached skill level 7 in Long Blades
  4682 | D:5      | Entered Level 5 of the Dungeon
  4682 | D:5      | Noticed Dowan
  4684 | D:5      | Noticed Duvessa
  4697 | D:5      | Killed Duvessa
  4714 | D:5      | Killed Dowan
  4783 | D:5      | Reached skill level 8 in Long Blades
  4840 | D:5      | Noticed a two-headed ogre
  5227 | D:6      | Reached XP level 9. HP: 69/75 MP: 8/8
  5341 | D:6      | Found a runed door.
  5350 | D:6      | Noticed destino's ghost (novice MiBe)
  5372 | D:6      | Reached skill level 9 in Long Blades
  5381 | D:6      | Killed destino's ghost
  5417 | D:6      | Reached skill level 10 in Long Blades
  6238 | D:7      | Noticed Harold
  6289 | D:7      | Killed Harold
  6289 | D:7      | Reached skill level 11 in Long Blades
  6289 | D:7      | Reached XP level 10. HP: 40/86 MP: 9/9
  6366 | D:7      | Found a staircase to the Ecumenical Temple.
  6383 | Temple   | Entered the Ecumenical Temple
  6448 | Temple   | Became a worshipper of Warmaster Okawaru
  7528 | D:8      | Noticed Psyche
  7536 | D:8      | Killed Psyche
  7665 | D:8      | Reached * piety under Okawaru
  8255 | D:8      | Found a staircase to the Lair.
  8703 | D:5      | Killed a two-headed ogre
  9074 | D:5      | Splashed by an orc's acid

Skill      XL: |  1  2  3  4  5  6  7  8  9 10 |
---------------+-------------------------------+-----
Fighting       | 4 5 7 8 |  8.1
Shields        | 4 5 6 7 8 9 |  9.7
Armour         | 4 5 6 7 8 9 |  9.1
Long Blades    | 3 4 5 6 8 11 | 11.8
Dodging        | 1 2 3 4 |  4.0
Stealth        | 1 |  1.9

Action                   |  1- 3 |  4- 6 |  7- 9 | 10-12 || total
-------------------------+-------+-------+-------+-------++-------
Melee: Long sword        |    90 |   141 |   382 |   163 ||   776
       Headbutt          |    10 |    22 |    94 |    38 ||   164
  Use: Scroll            |     1 |     4 |     3 |       ||     8
       Potion            |       |       |     1 |       ||     1
  Eat: Chunk             |     1 |     5 |    12 |     6 ||    24
       Ration            |       |       |       |     1 ||     1
Armor: Scale mail        |    55 |    62 |    29 |       ||   146
       Chain mail        |       |       |   127 |    60 ||   187
Dodge: Dodged            |    23 |    71 |   101 |    38 ||   233
Block: Shield            |    44 |   111 |   188 |    91 ||   434
       Rpst.: Long sword |     8 |    16 |    33 |     8 ||    65
